 Dungeon Crawl Stone Soup version 0.29-a0-321-gf1c400731a (webtiles) character file.

Game seed: 9074753773388330294

336 Murumi the Ducker (level 6, -9/70 HPs)
             Began as a Djinni Monk on Apr 4, 2022.
             Was a Believer of Okawaru.
             Mangled by Duvessa
             ... wielding a +0 rapier
              (11 damage)
             ... on level 5 of the Dungeon.
             The game lasted 00:09:35 (3259 turns).

Murumi the Ducker (Djinni Monk)                     Turns: 3259, Time: 00:09:36

Health: -9/70      AC: 23    Str: 10    XL:     6   Next: 84%
Gold:   174        EV:  2    Int: 13    God:    Okawaru [**....] SH:  0 Dex: 16

rFire   . . .      SeeInvis .   a - +0 falchion
rCold   . . .      Faith    +   (no shield)
rNeg    . . .      Spirit   .   (body armour currently unavailable)
rPois   ∞          Reflect  .   (helmet currently unavailable)
rElec   .          Harm     .   (cloak currently unavailable)
rCorr   .          Rampage  .   (gloves currently unavailable)
Will    .....      NoTele   +   (boots unavailable)
Stlth   ++++......              e - amulet of faith
HPRegen 0.21/turn               h - +4 ring of slaying
MPRegen 0.00/turn               (no ring)

@: tree-form, heroic
A: stationary, stasis, torment immunity, boosted hp, sickness immunity, (fire
resistance 2), (cold vulnerability 1), float, innate caster, HP casting, extra
vitality 1
a: Renounce Religion, Heroism


You were on level 5 of the Dungeon.
You worshipped Okawaru.
Okawaru was pleased with you.
You were a tree.
You visited 2 branches of the dungeon, and saw 6 of its levels.

You collected 184 gold pieces.
You spent 10 gold pieces at shops.

Inventory:

Hand Weapons
 a - a +0 falchion (weapon)
 f - a +3 hand crossbow
Armour
 k - a +1 leather armour (melded)
Jewellery
 e - an amulet of faith (around neck)
 h - a +4 ring of slaying (left branch)
Wands
 l - a wand of polymorph (13)
Scrolls
 n - a scroll of magic mapping
Potions
 c - a potion of ambrosia
 d - a potion of might
 g - 4 potions of curing
 j - a potion of haste {unknown}
 m - a potion of cancellation


   Skills:
 - Level 4.0(9.0) Fighting
 - Level 3.0(8.0) Long Blades
 - Level 2.0(7.0) Crossbows
 + Level 3.2(8.2) Armour
 - Level 4.0(9.0) Dodging
 - Level 3.0(8.0) Stealth


You had 2 spell levels left.
You knew the following spells:

 Your Spells              Type           Power      Damage    Failure   Level
a - Beastly Appendage     Tmut           0%         N/A       30%         1
b - Call Imp              Summ           0%         N/A       43%         2
Your spell library was empty.

Dungeon Overview and Level Annotations

Branches:
Dungeon (5/15)             Temple (1/1) D:4

Altars:
Ashenzari
Cheibriados
Dithmenos
Elyvilon
Fedhas
Kikubaaqudgha
Makhleb
Nemelex Xobeh
Okawaru
Qazlal
Sif Muna
Uskayaw
Wu Jian
Xom
Yredelemnul
Zin
The Shining One

Shops:
D:3 !

Annotations:
D:5 Dowan, Duvessa, Sigmund


Innate Abilities, Weirdness & Mutations

You are a tree.
Your roots penetrate the ground, keeping you stationary.
You cannot be teleported.
You are immune to unholy pain and torment.
Your maximum health is greatly increased.
Your equipment is partially melded.
You are immune to sickness and miasma.
You are immune to poison.
((Your flesh is very heat resistant. (rF++)))
((You are vulnerable to cold. (rC-)))
You float through the air rather than walking.
You learn spells naturally, not from books.
Your magical power is your life essence.
You have superior vitality. (+4 MHP)


Message History

Duvessa attacks as you move away! Duvessa closely misses you.
Dowan gestures at Duvessa while chanting.
Duvessa seems to speed up.
Duvessa hits you with a +0 rapier!
You hit Duvessa but do no damage.
Duvessa is heavily wounded.
Duvessa hits you with a +0 rapier!
You hit Duvessa.
Duvessa is heavily wounded.
Duvessa closely misses you. Duvessa hits you with a +0 rapier!
Okay, then.
You gain the combat prowess of a mighty hero.
Duvessa barely misses you.
Dowan smirks and points a slender finger.
Dowan gestures wildly while chanting.
Dowan blinks!
Duvessa completely misses you.
You hit Duvessa but do no damage.
Duvessa is heavily wounded.
Duvessa misses you.
You hit Duvessa.
Duvessa is heavily wounded.
Duvessa misses you.
You barely miss Duvessa.
Duvessa is heavily wounded.
Duvessa misses you. Duvessa hits you with a +0 rapier.
You closely miss Duvessa.
Duvessa is heavily wounded.
Duvessa says, "Where magic fails, the sword succeeds!"
Duvessa hits you with a +0 rapier!
* * * LOW HITPOINT WARNING * * *
It was a potion of cancellation.
You feel magically purged. Duvessa hits you with a +0 rapier!
* * * LOW HITPOINT WARNING * * *
It was a potion of lignification.
You turn into a tree.
Your +1 leather armour melds into your body.
Your roots penetrate the ground.
Duvessa hits you but does no damage. Duvessa completely misses you.
It was a potion of magic.
Magic washes over you without effect. Duvessa hits you with a +0 rapier!
You die...

#.<.....<.....#
#......##.#..#...
#.......##.#..##.
#.......##...##.##
#.>.....##...#...#
##.....###...#.[.#
##...##....##...# .
#####..##...# ###.#
#########.#
#.#♣##...##
#.........
...#e#.....#
#........ #.###e.#
#.....>.# #. ##.(#
#.......###......#
#..............?#..
#.....<.##.##.#.##...
#.......## ..#.#
###.# #.......#
..###. .


You could see Duvessa (fast) and Dowan.

Vanquished Creatures
  A phantom (D:4)
  A hound (D:4)
  An orc priest (D:4)
  An iguana (D:4)
  2 orc wizards (D:4)
  4 adders
  3 worms
  4 dart slugs
  An orc (D:3)
  3 bats
  7 endoplasms
  5 giant cockroaches
  5 goblins
  5 hobgoblins
  11 jackals
  8 kobolds
  4 quokkas
  6 ball pythons
  3 frilled lizards
  2 rats
77 creatures vanquished.

Notes
Turn   | Place    | Note
-------+----------+-------------------------------------------
     0 | D:1      | Murumi the Djinni Monk began the quest for the Orb.
     0 | D:1      | Reached XP level 1. HP: 20/20 MP: 0/0
   150 | D:1      | Reached XP level 2. HP: 25/25 MP: 0/0
   365 | D:1      | Found a faded altar of an unknown god.
   716 | D:1      | Reached XP level 3. HP: 26/30 MP: 0/0
   716 | D:1      | Learned a level 1 spell: Beastly Appendage
  1032 | D:2      | Reached skill level 1 in Crossbows
  1135 | D:2      | Reached skill level 1 in Armour
  1135 | D:2      | Reached XP level 4. HP: 35/35 MP: 0/0
  1804 | D:3      | Found Feos's Distillery.
  1815 | D:3      | Bought a potion of degeneration for 10 gold pieces
  1864 | D:3      | Reached XP level 5. HP: 37/40 MP: 0/0
  1864 | D:3      | Learned a level 2 spell: Call Imp
  2208 | D:4      | Noticed a phantom
  2230 | D:4      | Killed a phantom
  2459 | D:4      | Reached XP level 6. HP: 45/46 MP: 0/0
  2786 | D:4      | Found a glowing golden altar of the Shining One.
  2846 | D:4      | Found a staircase to the Ecumenical Temple.
  2853 | Temple   | Entered the Ecumenical Temple
  2906 | Temple   | Became a worshipper of Warmaster Okawaru
  2906 | Temple   | Reached * piety under Okawaru
  2906 | Temple   | Reached ** piety under Okawaru
  3109 | D:5      | Entered Level 5 of the Dungeon
  3157 | D:5      | Noticed Sigmund
  3241 | D:5      | Noticed Duvessa
  3243 | D:5      | Noticed Dowan
  3257 | D:5      | HP: 1/47 [Duvessa/+0 rapier (8)]
  3259 | D:5      | Mangled by Duvessa

Illustrated notes

Levels and vault maps discovered:
D:1:      psy_arrival_wood_between_worlds, layout_loops_ring,
          hellmonk_ecumenical_altar_heavens_door
D:2:      layout_basic
D:3:      layout_rooms, serial_shops, nicolae_shop_advertising_works
          [nicolae_subvault_shop_adworks], nrook_mini_vaults
D:4:      layout_cave_pools, nicolae_overflow_crystal_walls,
          minmay_temple_entry_nine_rooms
D:5:      nicolae_cairo_tiling, layout_rooms, trog_book, serial_park_tiny_pond,
          uniq_sigmund, uniq_edmund, uniq_duvessa
Temple:   nicolae_temple_x_marks_the_god

Skill      XL: |  1  2  3  4  5  6 |
---------------+-------------------+-----
Long Blades    | 3 |  3.0
Stealth        | 2 3 |  3.0
Dodging        | 4 |  4.0
Crossbows      | 1 2 |  2.0
Armour         | 1 2 3 |  3.2
Fighting       | 4 |  4.0

Action                   |  1- 3 |  4- 6 || total
-------------------------+-------+-------++-------
Melee: Falchion          |    33 |    45 ||    78
       Punch             |     1 |     1 ||     2
 Fire: Hand crossbow     |    45 |    76 ||   121
Invok: Heroism           |       |     1 ||     1
  Use: Scroll            |     1 |    10 ||    11
       Potion            |       |     3 ||     3
Armor: Robe              |     3 |       ||     3
       Leather armour    |       |     8 ||     8
       Skin              |       |     1 ||     1
Dodge: Dodged            |    21 |    38 ||    59

Table legend: (Time is in decaauts)
 A = Elapsed time spent in this place.
 B = Non-inter-level travel time spent in this place.
 C = Inter-level travel time spent in this place.
 D = Time resting spent in this place.
 E = Time spent auto-exploring this place.
 F = Levels seen in this place.
 G = Mean time per level.
                   A        B        C        D        E       F      G
               +--------+--------+--------+--------+--------+-----+--------+
         Total |   3319 |   2977 |    342 |    144 |   2296 |   6 |  553.2 |
       Dungeon |   3260 |   2926 |    334 |    144 |   2250 |   5 |  652.0 |
        Temple |     59 |     51 |      8 |      0 |     46 |   1 |   59.0 |
               +--------+--------+--------+--------+--------+-----+--------+

Top non-repeatable levels by time:
     D:4: 1000 daAuts
     D:1: 911 daAuts
     D:2: 742 daAuts
     D:3: 565 daAuts
  Temple: 59 daAuts
     D:5: 40 daAuts
